 Dungeon Sprint DCSS version 0.18-a0-1507-g69458e0 (webtiles) character file.

9622 css the Blocker (level 11, -8/96 HPs)
             Began as a Demonspawn Fighter on Mar 6, 2016.
             Killed by divine providence
             ... invoked by an orc high priest
              (11 damage)
             ... in the Dungeon (Sprint IX: "|||||||||||||||||||||||||||||").
             The game lasted 00:05:27 (2189 turns).

css the Blocker (Demonspawn Fighter)                Turns: 2189, Time: 00:05:27

Health: -8/96      AC: 21    Str: 21    XL:     11   Next: 25%
Magic:  0/13       EV: 13    Int:  9    God:
Gold:   778        SH: 13    Dex: 12    Spells: 0 memorised, 10 levels left

rFire  . . .     SeeInvis +     u - +4 rapier (elec)
rCold  . . .     Gourm    .     p - +1 chain mail
rNeg   + . .     Faith    .     c - +0 shield
rPois  .         Spirit   +     (helmet unavailable)
rElec  .         Dismiss  .     s - +1 cloak
rCorr  .         Reflect  .     o - +1 pair of gloves
SustAt .         Harm     .     (no boots)
MR     .....     NoTele   +     (no amulet)
Stlth  ..........               d - ring of positive energy
                                r - +2 ring of evasion

@: not resistant to hostile enchantments, extremely unstealthy
A: antennae 3, thin metallic scales 2, magic shield
a: no special abilities


You were in the Dungeon.
You were not hungry.

You visited 1 branch You collected 778 gold pieces.

Inventory:

Hand Weapons
 u - a +4 rapier of electrocution (weapon)
Armour
 b - a +0 scale mail
 c - a +0 shield (worn)
 o - a +1 pair of gloves (worn)
 p - a +1 chain mail (worn)
 s - a +1 cloak (worn)
Jewellery
 d - a ring of positive energy (right hand)
 q - a +3 ring of intelligence
 r - a +2 ring of evasion (left hand)
Wands
 n - a wand of acid (2/15)
Scrolls
 j - 3 scrolls of fog
 k - 5 scrolls of blinking
 l - 4 scrolls of remove curse
 m - 2 scrolls of amnesia
Potions
 a - a potion of might
 e - 5 potions of curing
 g - 3 potions of heal wounds
 h - a potion of resistance
 i - 5 potions of magic
 z - a potion of berserk rage
Comestibles
 f - 13 bread rations
 v - 40 fruits
 w - 11 meat rations


   Skills:
 + Level 12.3 Fighting
 + Level 8.4(9.5) Short Blades
   Level 6.8(8.7) Long Blades
 + Level 12.0 Armour
 + Level 8.0 Dodging
 + Level 4.1 Stealth
 + Level 14.2 Shields
 + Level 3.0 Evocations


You had 10 spell levels left.
You didn't know any spells.

Dungeon Overview and Level Annotations

Branches:
Dungeon (1/1)

Altars:
Cheibriados
Dithmenos
Elyvilon
Fedhas
Gozag
Kikubaaqudgha
Makhleb
Nemelex Xobeh
Okawaru
Pakellas
Qazlal
Ru
Sif Muna
Trog
Vehumet
Xom
Yredelemnul
Zin
The Shining One
Beogh
Jiyva
Lugonu

Shops:
D :


Innate Abilities, Weirdness & Mutations

You have a pair of large antennae on your head (SInv).
You are mostly covered in thin metallic scales (AC +3).
When hurt, damage is shared between your health and your magic reserves.


Message History

The orc high priest utters an invocation to Beogh.
Unknown command.
Unknown command.
Unknown command.
You miss the orc high priest.
The orc high priest hits you with a hand axe.
* * * LOW HITPOINT WARNING * * *
An orc high priest comes into view. It is wielding a long sword.
Unknown command.
You miss the orc high priest.
The orc high priest shouts!
The red devil hops backward while attacking.
You block the red devil's attack.
The orc high priest calls down the wrath of Beogh upon you.
Beogh smites you!
* * * LOW HITPOINT WARNING * * *
You closely miss the orc high priest.
The orc high priest calls down the wrath of Beogh upon you.
Beogh smites you!
You die...

________________'..|).....)......
▓▓▓▓▓▓▓▓▓▓▓▓▓▓▓▓▓▓▓▓▓▓▓▓▓▓▓▓▓▓▓▓▓
.................................
▓▓▓▓▓▓▓▓▓▓▓▓▓▓▓▓▓▓▓▓▓▓▓▓▓▓▓▓▓▓▓▓▓
........'.†.......††........[.['.
▓▓▓▓▓▓▓▓▓▓▓▓▓▓▓▓▓▓▓▓▓▓▓▓▓▓▓▓▓▓▓▓▓
........).............)..........
▓▓▓▓▓▓▓▓▓▓▓▓▓▓▓▓▓▓▓▓▓▓▓▓▓▓▓▓▓▓▓▓▓
....')))))....4.@ooooooo { { {{{
▓▓▓▓▓▓▓▓▓▓▓▓▓▓▓▓▓▓▓▓▓▓▓▓


{{{{{{{{{{{{{ { You could see 4 orc knights, 3 orc high priests and a red devil.

Vanquished Creatures
  Josephine (D)
  A hydra (D)
  A tengu warrior (D)
  An unseen horror (D)
  2 orc knights (D)
  2 spiny frogs (D)
  Joseph (D)
  A troll (D)
  A wyvern (D)
  3 yaks (D)
  Eustachio (D)
  5 wraiths (D)
  3 wolves (D)
  A warg (D)
  5 hell hounds (D)
  12 orc warriors (D)
  3 porcupines (D)
  3 ice beasts (D)
  An ogre (D)
  3 crocodiles (D)
  2 giant frogs (D)
  A killer bee (D)
  A howler monkey (D)
  2 crimson imps (D)
  4 orc priests (D)
  6 orc wizards (D)
  A sheep (D)
  2 river rats (D)
  A shadow imp (D)
  5 orcs (D)
  2 goblins (D)
  A hobgoblin (D)
  2 rats (D)
81 creatures vanquished.

Notes
Turn   | Place    | Note
--------------------------------------------------------------
     0 | D        | css the Demonspawn Fighter began the quest for the Orb.
     0 | D        | Reached XP level 1. HP: 18/18 MP: 1/1
     8 | D        | Reached skill level 3 in Shields
    84 | D        | Noticed a crimson imp
    84 | D        | Noticed a howler monkey
    84 | D        | Noticed an ogre
    84 | D        | Noticed an ice beast
    87 | D        | Killed a crimson imp
    87 | D        | Reached skill level 4 in Shields
    87 | D        | Gained mutation: You are partially covered in thin metallic scales (AC +2). [demonic ancestry]
    87 | D        | Reached XP level 2. HP: 23/26 MP: 2/2
    87 | D        | Reached XP level 3. HP: 27/31 MP: 3/3
    89 | D        | Reached skill level 5 in Fighting
    89 | D        | Reached skill level 5 in Shields
    89 | D        | Reached XP level 4. HP: 31/39 MP: 4/4
    99 | D        | Killed an ogre
    99 | D        | Reached skill level 5 in Armour
    99 | D        | Reached skill level 1 in Dodging
    99 | D        | Reached XP level 5. HP: 40/47 MP: 5/5
   103 | D        | Killed an ice beast
   103 | D        | Reached skill level 6 in Shields
   109 | D        | Found a glowing silver altar of Zin.
   109 | D        | Found a glowing golden altar of the Shining One.
   109 | D        | Found an ancient bone altar of Kikubaaqudgha.
   109 | D        | Found a basalt altar of Yredelemnul.
   109 | D        | Found a shimmering altar of Xom.
   109 | D        | Found a radiant altar of Vehumet.
   110 | D        | Found an iron altar of Okawaru.
   111 | D        | Found a burning altar of Makhleb.
   112 | D        | Found a deep blue altar of Sif Muna.
   113 | D        | Found a bloodstained altar of Trog.
   114 | D        | Found a sparkling altar of Nemelex Xobeh.
   154 | D        | Found a white marble altar of Elyvilon.
   155 | D        | Found a roughly hewn altar of Beogh.
   156 | D        | Found a viscous altar of Jiyva.
   157 | D        | Found a corrupted altar of Lugonu.
   158 | D        | Found a blossoming altar of Fedhas.
   159 | D        | Found a snail-covered altar of Cheibriados.
   160 | D        | Found a shadowy altar of Dithmenos.
   161 | D        | Found a stormy altar of Qazlal.
   162 | D        | Found an opulent altar of Gozag.
   163 | D        | Found a sacrificial altar of Ru.
   164 | D        | Found an oddly glowing altar of Pakellas.
   257 | D        | Noticed a troll
   257 | D        | Noticed an ice beast
   260 | D        | Reached XP level 6. HP: 49/55 MP: 6/6
   267 | D        | Killed a troll
   267 | D        | Reached skill level 5 in Long Blades
   267 | D        | Reached skill level 7 in Shields
   269 | D        | Reached skill level 8 in Shields
   269 | D        | Gained mutation: You have a pair of small antennae on your head. [demonic ancestry]
   269 | D        | Reached XP level 7. HP: 29/63 MP: 7/7
   641 | D        | Noticed a wyvern
   641 | D        | Noticed a tengu warrior
   646 | D        | Killed a wyvern
   646 | D        | Reached skill level 1 in Short Blades
   646 | D        | Reached skill level 9 in Shields
   657 | D        | Killed an unseen horror
   657 | D        | Reached skill level 10 in Fighting
   657 | D        | Reached skill level 10 in Shields
   657 | D        | Gained mutation: You are mostly covered in thin metallic scales (AC +3). [demonic ancestry]
   657 | D        | Reached XP level 8. HP: 31/72 MP: 8/8
   686 | D        | Killed a tengu warrior
   686 | D        | Reached skill level 5 in Dodging
   686 | D        | Reached skill level 11 in Shields
   686 | D        | Gained mutation: You have a pair of antennae on your head. [demonic ancestry]
   686 | D        | Reached XP level 9. HP: 25/79 MP: 9/9
   979 | D        | Noticed a spiny frog
  1001 | D        | Killed a spiny frog
  1005 | D        | Reached skill level 10 in Armour
  1009 | D        | Reached skill level 1 in Stealth
  1179 | D        | Noticed a spiny frog
  1179 | D        | Noticed a four-headed hydra
  1182 | D        | Killed a spiny frog
  1182 | D        | Reached skill level 12 in Shields
  1186 | D        | Reached skill level 1 in Evocations
  1194 | D        | Killed a four-headed hydra
  1194 | D        | Gained mutation: You have a pair of large antennae on your head (SInv). [demonic ancestry]
  1194 | D        | Reached XP level 10. HP: 66/87 MP: 9/11
  1216 | D        | Reached skill level 5 in Short Blades
  1494 | D        | Noticed Josephine
  1499 | D        | Reached skill level 13 in Shields
  1515 | D        | Killed Josephine
  1650 | D        | Noticed Eustachio
  1663 | D        | Killed Eustachio
  1683 | D        | Noticed Joseph
  1700 | D        | Killed Joseph
  1794 | D        | Noticed an orc knight
  1811 | D        | Killed an orc knight
  1811 | D        | Gained mutation: When hurt, damage is shared between your health and your magic reserves. [demonic ancestry]
  1811 | D        | Reached XP level 11. HP: 54/95 MP: 13/13
  2112 | D        | Noticed an orc knight
  2112 | D        | Reached skill level 14 in Shields
  2142 | D        | Killed an orc knight
  2184 | D        | Found Hituph's Book Emporium.
  2184 | D        | Noticed an orc high priest
  2184 | D        | Noticed an orc high priest
  2184 | D        | Noticed an orc knight
  2184 | D        | Noticed an orc knight
  2184 | D        | Noticed an orc knight
  2186 | D        | Noticed an orc knight
  2188 | D        | Noticed an orc high priest
  2188 | D        | HP: 3/96 [orc high priest/divine providence (11)]
  2189 | D        | Killed from afar by an orc high priest

Vault maps used:
D:        linesprint

Skill      XL: |  1  2  3  4  5  6  7  8  9 10 11 |
---------------+----------------------------------+-----
Shields        | 4 5 6 8 10 11 12 13 14 | 14.2
Armour         | 3 4 5 6 7 8 9 11 12 | 12.0
Long Blades    | 2 3 4 5 6 |  6.8
Fighting       | 4 5 6 7 8 10 11 12 | 12.3
Dodging        | 1 2 4 5 6 7 8 |  8.0
Short Blades   | 2 3 4 7 8 |  8.4
Stealth        | 2 4 |  4.1
Evocations     | 1 3 |  3.0

Action                   |  1- 3 |  4- 6 |  7- 9 | 10-12 || total
-------------------------+-------+-------+-------+-------++-------
Melee: Long sword        |    17 |    12 |       |       ||    29
       Rapier            |       |    11 |   125 |   248 ||   384
Evoke: Wand              |       |     1 |     4 |       ||     5
  Use: Potion            |     1 |     1 |     6 |     4 ||    12
       Scroll            |       |       |     4 |       ||     4
 Stab: Invisible         |       |       |     2 |       ||     2
  Eat: Chunk             |       |       |     2 |     2 ||     4
       Meat ration       |       |       |       |     1 ||     1
